 Dungeon Crawl Stone Soup version 0.29.1-1-gd02db6906a (webtiles) character file.

Game seed: 11809261790080210376

24 xian the Chopper (level 2, 0/24 HPs)
             Began as a Draconian Gladiator on Oct 6, 2022.
             Killed by nerve-wracking pain
             ... invoked by Jessica
              (9 damage)
             ... on level 2 of the Dungeon.
             The game lasted 00:01:38 (1034 turns).

xian the Chopper (Draconian Gladiator)              Turns: 1034, Time: 00:01:39

Health: 0/24       AC:  4    Str: 16    XL:     2   Next: 79%
Magic:  2/2        EV: 12    Int:  8    God:
Gold:   16         SH:  0    Dex: 12    Spells: 1/1 levels left

rFire   . . .      SeeInvis .   a - +0 war axe
rCold   . . .      Faith    .   (no shield)
rNeg    . . .      Spirit   .   (body armour unavailable)
rPois   .          Reflect  .   b - +0 hat
rElec   .          Harm     .   (no cloak)
rCorr   .          Rampage  .   (no gloves)
Will    .....                   (no boots)
Stlth   +.........              (no amulet)
HPRegen 0.08/turn               (no ring)
MPRegen 0.08/turn               (no ring)

@: no status effects
A: AC +4, unfitting armour, cold-blooded
a: no special abilities


You were on level 2 of the Dungeon.
You visited 1 branch of the dungeon, and saw 2 of its levels.

You collected 16 gold pieces.

Inventory:

Hand Weapons
 a - a +0 war axe (weapon)
 l - a +3 dagger of protection
Missiles
 c - 3 throwing nets
 d - 5 javelins
 f - 2 stones (quivered)
Armour
 b - a +0 hat (worn)
Scrolls
 g - a scroll of identify {unknown}
 h - a scroll of silence {unknown}
 j - a scroll of teleportation {unknown}
Potions
 e - 2 potions of curing {unknown}
 i - a potion of flight {unknown}
 k - a potion of haste {unknown}
 m - a potion of degeneration {unknown}


   Skills:
 + Level 2.2 Fighting
 + Level 3.7 Axes
 + Level 1.8 Throwing
 + Level 3.0 Dodging


You had one spell level left.
You didn't know any spells.
Your spell library was empty.

Dungeon Overview and Level Annotations

Branches:
Dungeon (2/15)

Altars:

Annotations:
D:2 Jessica


Innate Abilities, Weirdness & Mutations

Your plain brown scales are hard. (AC +4)
You cannot fit into any form of body armour.
You are cold-blooded and may be slowed by cold attacks.


Message History

l - a +3 dagger of protection
m - a pink potion
e - 2 blue potions (gained 1)
d - 5 javelins (gained 4)
f - 11 stones (gained 3) As you open the door, it creaks loudly!
Jessica the Apprentice Sorceress comes into view.
She is wielding a +0 club and wearing a +1 robe of fire resistance.
Jessica shouts!
You throw a stone. The stone barely misses Jessica.
You throw a stone. The stone hits Jessica.
Jessica is moderately wounded.
Jessica grins evilly.
You throw a stone.
The stone hits Jessica but does no damage.
Jessica is moderately wounded.
Jessica mumbles some strange words.
Jessica blinks!
You throw a stone. The stone barely misses Jessica.
You throw a stone. The stone closely misses Jessica.
You throw a stone. The stone barely misses Jessica.
You throw a stone. The stone closely misses Jessica.
Jessica casts a spell at you. Pain shoots through your body!
You throw a stone.
The stone hits Jessica but does no damage.
Jessica is moderately wounded.
Jessica mumbles some strange words.
Jessica blinks!
You throw a stone. The stone closely misses Jessica.
Jessica mumbles some strange words.
Jessica seems to speed up.
Jessica gestures wildly while chanting.
Jessica blinks!
There is an open door here.
Jessica gestures at you while chanting. Pain shoots through your body!
There is an open door here.
Jessica gestures at you while chanting. Pain shoots through your body!
You die...

#########
#.......#
...######.......#
........'@@.....#
...######.......#
#.####### #.#
####.#####
#........#
#........#####
#............#
#........###.#


You could see Jessica (fast).

Vanquished Creatures
  A dart slug (D:2)
  A ball python (D:1)
  A bat (D:1)
  2 endoplasms (D:1)
  A giant cockroach (D:1)
  5 goblins
  A kobold (D:1)
  2 quokkas (D:1)
  A frilled lizard (D:2)
  4 rats
19 creatures vanquished.

Notes
Turn   | Place    | Note
-------+----------+-------------------------------------------
     0 | D:1      | xian the Draconian Gladiator began the quest for the Orb.
     0 | D:1      | Reached XP level 1. HP: 17/17 MP: 1/1
   398 | D:1      | Reached XP level 2. HP: 24/24 MP: 2/2
  1021 | D:2      | Noticed Jessica
  1034 | D:2      | Killed from afar by Jessica

Illustrated notes

Levels and vault maps discovered:
D:1:      dpeg_arrival_erosion, layout_basic
D:2:      layout_basic, basic_altar, uniq_jessica

Skill      XL: |  1  2 |
---------------+-------+-----
Dodging        | 3 |  3.0
Fighting       | |  2.2
Axes           | |  3.7
Throwing       | |  1.8

Action                   || total
-------------------------++-------
Melee: War axe           ||    54
       Tailslap          ||     2
       Punch             ||     1
Throw: Stone             ||    18
Armor: Skin              ||    16
Dodge: Dodged            ||    38
